 Dungeon Crawl Stone Soup version 0.29-a0-813-g4a14ea37d6 (webtiles) character file.

Game seed: 13014207052713314544

1606 gobodom the Summoner (level 8, -8/44 HPs)
             Began as a Tengu Summoner on July 4, 2022.
             Killed from afar by a steam dragon (17 damage)
             ... with a ball of steam
             ... on level 6 of the Dungeon.
             The game lasted 00:35:58 (8424 turns).

gobodom the Summoner (Tengu Summoner)               Turns: 8424, Time: 00:36:01

Health: -8/44      AC:  3    Str: 12    XL:     8   Next: 94%
Magic:  11/18      EV: 15    Int: 15    God:
Gold:   341        SH:  0    Dex: 14    Spells: 11/20 levels left

rFire   . . .      SeeInvis .   A - +2 dagger (chaos)
rCold   . . .      Faith    .   (no shield)
rNeg    . . .      Spirit   .   a - +0 robe
rPois   .          Reflect  .   (helmet restricted)
rElec   .          Harm     .   (no cloak)
rCorr   .          Rampage  .   l - +0 pair of gloves
Will    .....                   (boots unavailable)
Stlth   +++.......              D - amulet of magic regeneration
HPRegen 0.14/turn               (no ring)
MPRegen 0.56/turn               (no ring)

@: flying quickly and evasively, mesmerised, studying Long Blades, quick
A: beak, talons 3, nimble flight
a: no special abilities


You were on level 6 of the Dungeon.
You visited 2 branches of the dungeon, and saw 7 of its levels.

You collected 341 gold pieces.

Inventory:

Hand Weapons
 q - a +0 dagger of speed
 A - a +2 dagger of chaos (weapon)
 B - a +0 dagger of protection
Armour
 a - a +0 robe (worn)
 g - a +0 ring mail of fire resistance
 l - a +0 pair of gloves (worn)
 I - a +3 leather armour
Jewellery
 c - a ring of ice
 D - an amulet of magic regeneration (around neck)
Wands
 y - a wand of mindburst (15)
 F - a wand of flame (2)
 H - a wand of roots (13)
Scrolls
 e - a scroll of magic mapping
 f - a scroll of teleportation {unknown}
 i - a scroll of immolation {unknown}
 k - a scroll of fear
 n - a scroll of poison {unknown}
 o - a scroll of enchant weapon {unknown}
 p - 2 scrolls of amnesia
 r - a scroll of brand weapon {unknown}
 x - a scroll of noise {unknown}
 z - a scroll of enchant armour {unknown}
 C - a scroll of vulnerability
Potions
 b - a potion of magic
 d - 3 potions of lignification
 h - 2 potions of heal wounds
 j - 2 potions of might
 m - a potion of mutation {unknown}
 s - a potion of ambrosia {unknown}
 t - a potion of attraction {unknown}
 u - 2 potions of degeneration {unknown}
 v - a potion of haste {unknown}
 w - 2 potions of cancellation {unknown}
 E - a potion of brilliance


   Skills:
 + Level 2.0 Fighting
 + Level 3.0 Short Blades
 + Level 3.5 Dodging
 + Level 4.1 Stealth
 + Level 6.5 Spellcasting
 + Level 1.2 Hexes
 + Level 8.5 Summonings
 + Level 0.4 Evocations


You had 11 spell levels left.
You knew the following spells:

 Your Spells              Type           Power      Damage    Failure   Level
a - Summon Small Mammal   Summ           100%       N/A       1%          1
b - Call Canine Familiar  Summ           30%        N/A       1%          3
c - Summon Guardian Gole  Hex/Summ       19%        N/A       5%          3
d - Call Imp              Summ           30%        N/A       1%          2

Your spell library contained the following spells:

 Spells                   Type           Power      Damage    Failure   Level
 Magic Dart               Conj           16%        1d3       14%         1
 Searing Ray              Conj           8%         2d4       22%         2
 Static Discharge         Conj/Air       4%         3-4/arc   22%         2
 Summon Lightning Spire   Summ/Air       17%        N/A       24%         4
 Portal Projectile        Hex/Tloc       12%        N/A       32%         3
 Fulminant Prism          Conj/Hex       3%         3d6       73%         4
 Leda's Liquefaction      Hex/Erth       3%         N/A       73%         4
 Dispel Undead            Necr           4%         3d7       80%         4
 Sticky Flame             Conj/Fire      4%         2d3       80%         4


Dungeon Overview and Level Annotations

Branches:
Dungeon (6/15)             Temple (1/1) D:4

Altars:
Ashenzari
Cheibriados
Elyvilon
Fedhas
Gozag
Hepliaklqana
Kikubaaqudgha
Makhleb
Nemelex Xobeh
Qazlal
Sif Muna
Trog
Uskayaw
Wu Jian
Xom
Yredelemnul
Zin
The Shining One

Shops:
D:4 ((=*

Annotations:
D:6 Maggie


Innate Abilities, Weirdness & Mutations

You have a beak for a mouth.
You have claws for feet.
Your magical nature lets you fly swiftly and evasively.


Message History

Your hound closely misses Maggie.
Your bat barely misses Maggie.
Maggie barely misses your bat.
Maggie hits your hound with a +2 war axe of draining!
Maggie drains your hound.
You cannot move away from Maggie!
Casting: Call Imp (safe; 1% risk of failure)
Confirm with . or Enter, or press ? or * to list all spells.
Your bat hits Maggie but does no damage.
Your hound bites Maggie.
Your guardian golem overheats!
Your bat barely misses Maggie.
Maggie casts a spell.
Maggie draws you further into her thrall.
Your hound closely misses Maggie.
Your bat hits Maggie but does no damage. x2
Your hound barely misses Maggie.
The steam dragon misses you. The steam dragon claws you.
* * * LOW HITPOINT WARNING * * *
Maggie hits your crimson imp with a +2 war axe of draining!
Maggie hits your guardian golem with a +2 war axe of draining.
Flame seeps out of your guardian golem.
Maggie hits your bat with a +2 war axe of draining!
Your bat dies!
Your bat's corpse disappears in a puff of smoke!
Maggie barely misses your hound.
Your guardian golem disappears in a puff of smoke!
Your guardian golem explodes!
The fiery explosion engulfs your crimson imp.
Your crimson imp completely resists.
The fiery explosion engulfs your hound!!!
Your hound dies!
Your hound's corpse disappears in a puff of smoke!
The fiery explosion engulfs Maggie!!!
You closely miss the steam dragon. You claw the steam dragon.
You peck the steam dragon.
The steam dragon is lightly wounded.
Your crimson imp completely misses Maggie.
The steam dragon breathes steam at you. The ball of steam hits you!
You die...

....#...........##....##...##.#.#
....#.........####....#..##.#.# #
....h.........####.......5....#
....########..........#.##..#.#
......................##...##.#
....########.....§@§...##)##..#.#
#####............5○§....)........
#####.#...)#....D§§........#####.
................@§)........#
.................§.........##
............##.r#.#...........
............##..#.##.#########
#######.........#.##........
#######.....###.#.##########
..................#
#######....####.### # #....# #.#


You could see Maggie (mesmerising, ally target), a steam dragon (catching
breath, ally target), a friendly crimson imp (summoned) and a friendly rat
(summoned).

Vanquished Creatures
  A centaur (D:6)
  An ogre (D:5)
  A necrophage (D:5)
  3 scorpions (D:5)
  A crimson imp (D:3)
  2 hounds
  A jelly (D:6)
  A gnoll bouda (D:4)
  4 iguanas
  An orc wizard (D:4)
  3 hound zombies (D:4)
  2 adders
  2 gnolls
  An adder zombie (D:4)
  An adder skeleton (D:4)
  A worm (D:4)
  2 dart slugs
  10 orcs
  3 ball pythons
  6 bats
  3 endoplasms
  A giant cockroach (D:4)
  3 hobgoblins
  4 jackals (D:2)
  3 quokkas
  2 frilled lizards
  3 goblins (D:2)
  5 kobolds
  3 rats
74 creatures vanquished.

Vanquished Creatures (collateral kills)
  A black bear (D:6)
  A scorpion (D:5)
  2 jellies
  An orc priest (D:5)
  2 iguanas
  2 orc wizards
  5 gnolls
  4 adders
  A white imp (D:6)
  2 worms (D:2)
  5 dart slugs
  12 orcs
  A ball python (D:1)
  3 endoplasms (D:1)
  A giant cockroach (D:2)
  2 hobgoblins
  5 kobolds
  2 quokkas
  3 bats
  2 frilled lizards
  A goblin (D:1)
  4 rats
62 creatures vanquished.

Vanquished Creatures (others)
  A centaur (D:6)
  A necrophage (D:5)
  3 orc priests (D:6)
  A gnoll bouda (D:6)
  A white imp (D:6)
  An orc (D:6)
  A fungus (D:3)
9 creatures vanquished.

Grand Total: 145 creatures vanquished

Notes
Turn   | Place    | Note
-------+----------+-------------------------------------------
     0 | D:1      | gobodom the Tengu Summoner began the quest for the Orb.
     0 | D:1      | Reached XP level 1. HP: 10/10 MP: 4/4
    71 | D:1      | Reached skill level 5 in Summonings
   140 | D:1      | Reached XP level 2. HP: 13/15 MP: 1/6
  1009 | D:1      | Found a faded altar of an unknown god.
  1495 | D:2      | Found a shimmering altar of Xom.
  1517 | D:2      | Reached XP level 3. HP: 5/19 MP: 5/7
  3137 | D:2      | Reached XP level 4. HP: 22/24 MP: 7/9
  3750 | D:3      | Found a blossoming altar of Fedhas.
  3855 | D:3      | Learned a level 3 spell: Call Canine Familiar
  4098 | D:3      | Found a shimmering altar of Xom.
  4104 | D:3      | Gained mutation: Your magical nature lets you fly swiftly
                  | and evasively. [Tengu growth]
  4104 | D:3      | Reached XP level 5. HP: 11/28 MP: 10/10
  4104 | D:3      | Found a burning altar of Makhleb.
  4262 | D:3      | Learned a level 3 spell: Summon Guardian Golem
  4660 | D:4      | Reached skill level 1 in Short Blades
  4667 | D:4      | Reached skill level 6 in Summonings
  4670 | D:4      | Learned a level 2 spell: Call Imp
  4816 | D:4      | Found Apeffyc's Assorted Antiques.
  4854 | D:4      | Found Qakeruh's Jewellery Shop.
  4863 | D:4      | Reached XP level 6. HP: 27/33 MP: 11/11
  5165 | D:4      | Found Zyrpheury's Weapon Boutique.
  5216 | D:4      | Found Maplagg's Weapon Boutique.
  5386 | D:4      | Found a staircase to the Ecumenical Temple.
  5495 | Temple   | Entered the Ecumenical Temple
  5495 | Temple   | Found a transporter.
  5495 | Temple   | Found a transporter.
  5497 | Temple   | Found a transporter.
  5497 | Temple   | Found a transporter.
  5825 | D:5      | Entered Level 5 of the Dungeon
  5847 | D:5      | Reached XP level 7. HP: 20/37 MP: 13/13
  6041 | D:4      | Reached skill level 1 in Fighting
  6633 | D:5      | Reached skill level 7 in Summonings
  6738 | D:5      | Reached XP level 8. HP: 44/44 MP: 14/16
  6880 | D:5      | Reached skill level 5 in Spellcasting
  7514 | D:6      | Reached skill level 8 in Summonings
  8017 | D:6      | Reached skill level 1 in Hexes
  8413 | D:6      | Noticed Maggie
  8424 | D:6      | Killed from afar by a steam dragon

Illustrated notes

Levels and vault maps discovered:
D:1:      dpeg_arrival_three_same_balls, layout_basic, serial_corexii_hall,
          chequers_hall_statues_corner_a, corexii_hall_statues_i,
          shapermc_ecumenical_altar_hornbeckon
D:2:      minmay_door_path, layout_loops_ring, basic_altar, roderic_lattice_a
D:3:      layout_loops_ring, grunt_temple_overflow_champion_of_chaos,
          mainiacjoe_overflow_boulevard, reono_crystal_passage
D:4:      layout_cave_pools, minmay_temple_entry_grid, serial_undead,
          serial_undead_b, serial_undead_d, serial_undead_a, serial_undead_b,
          serial_shops, nicolae_take_the_stairs, nicolae_square_shop,
          nicolae_shop_stone, nicolae_diamond_shop
D:5:      layout_basic
D:6:      layout_basic, minmay_manual_mares, uniq_maggie
Temple:   hellmonk_temple_divided_pantheon

Skill      XL: |  1  2  3  4  5  6  7  8 |
---------------+-------------------------+-----
Summonings     | 5 6 7 8 |  8.5
Spellcasting   | 3 4 6 |  6.5
Short Blades   | 1 2 3 |  3.0
Stealth        | 3 4 |  4.1
Dodging        | 3 |  3.5
Fighting       | 1 2 |  2.0
Hexes          | 1 |  1.2
Evocations     | |  0.4

Action                   |  1- 3 |  4- 6 |  7- 9 || total
-------------------------+-------+-------+-------++-------
Melee: Unarmed           |    32 |       |       ||    32
       Kick              |    14 |    31 |    23 ||    68
       Peck              |     6 |    23 |    12 ||    41
       Dagger            |    16 |   129 |    61 ||   206
       Punch             |     1 |     1 |     3 ||     5
 Cast: Summon Small Mamm |    76 |    29 |    39 ||   144
       Call Canine Famil |       |     6 |    16 ||    22
       Call Imp          |       |     3 |    15 ||    18
       Summon Guardian G |       |     3 |    13 ||    16
Evoke: Wand              |       |     1 |     8 ||     9
  Use: Scroll            |       |     1 |     8 ||     9
       Potion            |       |     1 |     2 ||     3
 Stab: Sleeping          |     4 |     4 |       ||     8
       Distracted        |       |     1 |       ||     1
       Confused          |       |     1 |     1 ||     2
Armor: Robe              |    33 |    10 |     7 ||    50
Dodge: Dodged            |    76 |    88 |    52 ||   216

Table legend: (Time is in decaauts)
 A = Elapsed time spent in this place.
 B = Non-inter-level travel time spent in this place.
 C = Inter-level travel time spent in this place.
 D = Time resting spent in this place.
 E = Time spent auto-exploring this place.
 F = Levels seen in this place.
 G = Mean time per level.
                   A        B        C        D        E       F      G
               +--------+--------+--------+--------+--------+-----+--------+
         Total |   8208 |   7989 |    219 |    862 |   5445 |   7 | 1172.6 |
       Dungeon |   8171 |   7952 |    219 |    862 |   5439 |   6 | 1361.8 |
        Temple |     36 |     36 |      0 |      0 |      5 |   1 |   36.0 |
               +--------+--------+--------+--------+--------+-----+--------+

Top non-repeatable levels by time:
     D:2: 2025 daAuts
     D:1: 1501 daAuts
     D:4: 1324 daAuts
     D:5: 1196 daAuts
     D:6: 1066 daAuts
     D:3: 1057 daAuts
  Temple: 36 daAuts
